 Dungeon Crawl Stone Soup version 0.30.0-13-g156ef70053 (webtiles) character file.

Game seed: 15246379427165228676

142 monsoonserge the Trooper (level 5, -6/55 HPs)
             Began as an Ogre Cinder Acolyte on May 18, 2023.
             Was a High Priest of Ignis.
             Mangled by an ice beast (13 damage)
             ... on level 3 of the Dungeon.
             The game lasted 00:07:58 (3002 turns).

monsoonserge the Trooper (Ogre Cinder Acolyte)      Turns: 3002, Time: 00:07:58

Health: -6/55      AC:  4    Str: 18    XL:     5   Next: 25%
Magic:  1/7        EV:  9    Int: 17    God:    Ignis [*****.]
Gold:   218        SH:  0    Dex:  4    Spells: 5/7 levels left

rFire   + . .        a - -1 mace (flame)
rCold   . . .        (no shield)
rNeg    . . .        n - +0 robe
rPois   .            (helmet restricted)
rElec   .            h - +0 cloak
rCorr   .            (gloves unavailable)
SInv    .            (boots unavailable)
Will    .....        (no amulet)
Stlth   +            (no ring)
HPRegen 0.29/turn    (no ring)
MPRegen 0.10/turn

%: no passive effects
@: no status effects
A: large, unfitting armour, tough skin 1
a: Renounce Religion, Fiery Armour, Foxfire Swarm, Rising Flame


You were on level 3 of the Dungeon.
You worshipped Ignis.
Ignis was extremely pleased with you.
You visited 1 branch of the dungeon, and saw 3 of its levels.

You collected 218 gold pieces.

Inventory:

Hand Weapons
 a - a -1 mace of flaming (weapon)
 b - a +0 arbalest
Missiles
 p - 6 poisoned darts (quivered)
Armour
 h - a +0 cloak (worn)
 n - a +0 robe (worn)
Scrolls
 c - a scroll of torment {unknown}
 d - 4 scrolls of identify {unknown}
 e - 2 scrolls of teleportation {unknown}
 g - 2 scrolls of enchant weapon {unknown}
 k - a scroll of summoning {unknown}
 l - a scroll of fog {unknown}
 s - a scroll of amnesia {unknown}
Potions
 f - a potion of degeneration {unknown}
 i - 3 potions of magic {unknown}
 j - 3 potions of curing {unknown}
 m - a potion of attraction {unknown}
 o - a potion of heal wounds {unknown}
 q - a potion of mutation {unknown}
 r - a potion of invisibility {unknown}


   Skills:
 + Level 4.8 Fighting
 + Level 3.9 Maces & Flails
 + Level 0.2 Ranged Weapons
 + Level 1.0 Dodging
 + Level 0.2 Stealth
 + Level 1.8 Spellcasting
 + Level 3.2 Fire Magic


You had 5 spell levels left.
You knew the following spells:

 Your Spells              Type           Power      Damage    Failure   Level
a - Scorch                Fire           24%        2d6       8%          2

Your spell library contained the following spells:

 Spells                   Type           Power      Damage    Failure   Level


Dungeon Overview and Level Annotations

Branches:
Dungeon (3/15)

Altars:
Okawaru
Qazlal


Innate Abilities, Weirdness & Mutations

You are too large for most types of armour.
You have tough skin. (AC +1)


Message History

The ice beast is heavily wounded.
The ice beast is no longer more vulnerable to fire.
The ice beast barely misses you.
Casting: Scorch (safe; 8% risk of failure)
Confirm with . or Enter, or press ? or * to list all spells.
Flames lash the ice beast.
The ice beast melts!
The ice beast is severely wounded.
The ice beast's fire resistance burns away.
The ice beast hits you but does no damage.
You hit the ice beast but do no damage.
The ice beast is severely wounded.
The ice beast hits you but does no damage.
You hit the ice beast but do no damage.
The ice beast is severely wounded.
The ice beast hits you but does no damage. x2
You closely miss the ice beast.
The ice beast is severely wounded.
The ice beast is no longer more vulnerable to fire.
The ice beast barely misses you.
Casting: Scorch (safe; 8% risk of failure)
Confirm with . or Enter, or press ? or * to list all spells.
Flames lash the ice beast but do no damage.
The ice beast hits you. The ice beast freezes you!
* * * LOW HITPOINT WARNING * * *
Unknown command.
You barely miss the ice beast.
The ice beast is severely wounded.
The ice beast hits you.
* * * LOW HITPOINT WARNING * * *
The ice beast freezes you.
* * * LOW HITPOINT WARNING * * *
You hit the ice beast.
You melt the ice beast.
The ice beast is severely wounded.
The ice beast closely misses you.
You hit the ice beast but do no damage.
The ice beast is severely wounded.
The ice beast hits you.
* * * LOW HITPOINT WARNING * * *
The ice beast freezes you!
You die...

# #. ##.#
##...### #
#....Y@# #
##...#.#
##### ##.
#.# #...' #
#.# #.#
#.### #.#
#.#.#.# #
#.#
#.#.#.###
#.#
#.#.....'
#.#
##.###.###
#.#
##...##)..#


You could see an ice beast.

Vanquished Creatures
  An orc wizard (D:3)
  3 adders
  2 worms (D:2)
  4 dart slugs
  5 orcs (D:3)
  8 ball pythons
  3 endoplasms
  2 giant cockroaches
  9 hobgoblins
  2 jackals (D:3)
  4 quokkas
  5 bats
  4 frilled lizards
  7 goblins
  5 kobolds
  5 rats
69 creatures vanquished.

Notes
Turn   | Place    | Note
-------+----------+-------------------------------------------
     0 | D:1      | monsoonserge the Ogre Cinder Acolyte began the quest for
                  | the Orb.
     0 | D:1      | Reached XP level 1. HP: 24/24 MP: 2/2
   241 | D:1      | Reached XP level 2. HP: 27/32 MP: 3/3
   485 | D:1      | Reached XP level 3. HP: 37/39 MP: 4/4
   488 | D:1      | Learned a level 2 spell: Scorch
  1434 | D:2      | Reached XP level 4. HP: 14/49 MP: 0/5
  2373 | D:3      | Reached skill level 1 in Dodging
  2373 | D:3      | Reached XP level 5. HP: 20/55 MP: 1/7
  2547 | D:3      | Found an iron altar of Okawaru.
  2823 | D:3      | Found a stormy altar of Qazlal.
  2984 | D:3      | Noticed an ice beast
  3002 | D:3      | Mangled by an ice beast

Illustrated notes

Levels and vault maps discovered:
D:1:      tarquinn_simple_flora_water_e, layout_loops_corners
D:2:      layout_basic
D:3:      layout_loops_ring, mainiacjoe_overflow_24_doors,
          hellmonk_okawaru_the_only_friend_you_need,
          hellmonk_ecumenical_altar_zigzags, roderic_serpentine_path

Skill      XL: |  1  2  3  4 |
---------------+-------------+-----
Maces & Flails | 3 |  3.9
Fire Magic     | 3 |  3.2
Dodging        | 1 |  1.0
Fighting       | |  4.8
Ranged Weapons | |  0.2
Stealth        | |  0.2
Spellcasting   | |  1.8

Action                     |  1- 3 |  4- 6 || total
---------------------------+-------+-------++-------
  Melee: Mace              |   117 |    78 ||   195
   Fire: Arbalest          |       |     4 ||     4
   Cast: Scorch            |     5 |    22 ||    27
 Armour: Robe              |    47 |    25 ||    72
  Dodge: Dodged            |    54 |    36 ||    90
